 Dungeon Crawl Stone Soup version 0.22-a0-305-gd21a89c (webtiles) character file.

14390 b5mith the Fighter (level 11, -7/153 (156) HPs)
             Began as a Minotaur Berserker on Mar 29, 2018.
             Was a High Priest of Trog.
             Mangled by an enchanted long sword (14 damage)
             ... on level 13 of the Dungeon.
             The game lasted 00:26:45 (12792 turns).

b5mith the Fighter (Minotaur Berserker)            Turns: 12792, Time: 00:26:46

HP:   -7/153 (156)  AC: 11    Str: 29    XL:     11   Next: 88%
MP:   10/10         EV: 16    Int:  9    God:    Trog [*****.]
Gold: 760           SH:  0    Dex: 11    Spells: 10/10 levels left

rFire    . . .     SeeInvis .   d - +2 scythe (venom)
rCold    . . .     Gourm    .   (shield currently unavailable)
rNeg     . . .     Faith    .   e - +1 ring mail
rPois    .         Spirit   .   (helmet restricted)
rElec    .         Reflect  .   h - scarf {cloud immunity}
rCorr    .         Harm     .   S - +1 pair of gloves
MR       .....                  (no boots)
Stlth    ..........             (no amulet)
HPRegen  0.35/turn              C - ring of ice
MPRegen  0.12/turn              H - ring of fire

@: brilliant, berserking (expiring), fainting, very quick
A: retaliatory headbutt, horns 2
a: Berserk, Trog's Hand, Brothers in Arms, Renounce Religion


You were on level 13 of the Dungeon.
You worshipped Trog.
Trog was extremely pleased with you.
You were fainting.

You visited 1 branch of the dungeon, and saw 13 of its levels.

You collected 760 gold pieces.

Inventory:

Hand Weapons
 d - a +2 scythe of venom (weapon)
Missiles
 p - 11 tomahawks (quivered)
 r - 7 javelins
Armour
 e - a +1 ring mail (worn)
 h - a scarf of cloud immunity (worn)
 S - a +1 pair of gloves (worn)
Jewellery
 C - a ring of ice (left hand)
 H - a ring of fire (right hand)
 P - an uncursed ring of ice
Wands
 j - a wand of digging (24)
 l - a wand of acid (20)
 w - a wand of random effects (40)
 y - a wand of clouds (4)
 A - a wand of paralysis (18)
 D - a wand of scattershot (4)
 I - a wand of polymorph (8)
 J - a wand of flame (35)
Scrolls
 f - 7 scrolls of teleportation
 g - 2 scrolls of fear {unknown}
 i - 2 scrolls of enchant weapon {unknown}
 n - 2 scrolls of amnesia {unknown}
 o - 5 scrolls of remove curse {@r2}
 q - 4 scrolls of magic mapping
 x - a scroll of noise {unknown}
 G - 3 scrolls of immolation
 K - a scroll of acquirement {unknown}
 M - a scroll of enchant armour
 N - a scroll of blinking {unknown}
 T - a scroll of torment {unknown}
 V - 2 scrolls of identify {@r1}
 W - a scroll of random uselessness {unknown}
Potions
 a - a potion of agility {unknown}
 k - 3 potions of might
 m - 3 potions of flight
 s - 2 potions of heal wounds
 v - 3 potions of lignification
 z - 2 potions of curing {unknown}
 B - 3 potions of brilliance
 L - a potion of resistance {unknown}
 Q - 2 potions of haste {unknown}
 R - a potion of mutation {unknown}
Miscellaneous
 Z - a phantom mirror
Comestibles
 c - 18 rations


   Skills:
 + Level 11.9 Fighting
   Level 4.9 Long Blades
 + Level 10.9 Polearms
 + Level 11.7 Armour
 + Level 10.8 Dodging


You had 10 spell levels left.
You didn't know any spells.

Dungeon Overview and Level Annotations

Branches:
Dungeon (13/15)            Temple (0/1) D:7            Lair (0/6) D:9
    Orc (0/2) D:10         Vaults (0/5) D:13

Altars:
Ashenzari
Dithmenos
Gozag
Hepliaklqana
Kikubaaqudgha
Trog
Vehumet
The Shining One

Shops:
D:7 *   D:12 *


Innate Abilities, Weirdness & Mutations

You reflexively headbutt those who attack you in melee.
You have a pair of horns on your head.


Message History

You slice the enchanted long sword!!
The enchanted long sword falls from the air.
Trog accepts your kill. The enchanted long sword misses you.
You barely miss the enchanted long sword.
Your headbutt misses the enchanted long sword.
The enchanted long sword closely misses you.
You closely miss the enchanted long sword.
Your headbutt misses the enchanted long sword.
The enchanted long sword hits you!
* * * LOW HITPOINT WARNING * * *
You slash the enchanted long sword!
The enchanted long sword is moderately damaged.
The enchanted long sword hits you.
* * * LOW HITPOINT WARNING * * *
You barely miss the enchanted long sword.
Your headbutt misses the enchanted long sword.
The enchanted long sword is moderately damaged.
The enchanted long sword hits you!
You die...

##.## #..#
######'####
#[...>....#
######.........# .
#..............#
...#..............+
.........#.#...(..#
..#...@#####.....#
........(.∩.......#
.##..?..#####.....#
##..... .....#
#..... ....#
#...... ..##### ...


You could see an enchanted long sword.

Vanquished Creatures
  4 two-headed ogres
  A dancing weapon (D:13)
  The ghost of Terra the Carver, a novice DsFi (D:6)
  A cyclops (D:11)
  Psyche (D:8)
  A gargoyle (D:12)
  A kobold demonologist (D:13)
  A troll (D:12)
  A hornet (D:8)
  Grinder (D:4)
  2 hippogriffs
  Sigmund (D:2)
  3 wraiths
  8 yaks
  3 hungry ghosts
  Edmund (D:5)
  3 orc warriors
  7 ice beasts
  A sky beast (D:8)
  3 phantoms
  10 ogres
  An eye of draining (D:9)
  2 black bears
  A necrophage (D:6)
  3 centaurs
  A crocodile (D:8)
  Blork the orc (D:4)
  A wyvern zombie (D:7)
  2 big kobolds
  5 bullfrogs
  2 scorpions
  The ghost of thed24 the Skirmisher, a weakling DDFi of Zin (D:3)
  A wyvern skeleton (D:7)
  11 killer bees
  4 wights (D:7)
  5 howler monkeys
  8 crimson imps
  2 quasits (D:12)
  A bullfrog zombie (D:12)
  3 centaur zombies
  6 jellies
  3 bullfrog skeletons
  A centaur skeleton (D:7)
  7 orc priests
  4 hounds
  6 orc wizards
  Terence (D:2)
  8 iguanas
  6 worker ants
  A killer bee zombie (D:7)
  A hound zombie (D:6)
  3 hound skeletons
  A gnoll (D:7)
  A howler monkey skeleton (D:10)
  11 adders
  3 shadow imps
  An ooze (D:2)
  An adder zombie (D:8)
  2 adder skeletons
  3 worms
  6 leopard geckos
  48 orcs
  5 giant cockroaches
  6 goblins
  9 hobgoblins
  8 jackals
  16 kobolds
  4 quokkas
  2 ball pythons
  8 bats
  7 frilled lizards
  A leopard gecko skeleton (D:4)
  A leopard gecko zombie (D:5)
  6 rats
307 creatures vanquished.

Vanquished Creatures (others)
  An orc wizard (D:10)
1 creature vanquished.

Grand Total: 308 creatures vanquished

Notes
Turn   | Place    | Note
-------+----------+-------------------------------------------
     0 | D:1      | b5mith the Minotaur Berserker began the quest for the Orb.
     0 | D:1      | Reached XP level 1. HP: 19/19 MP: 0/0
   430 | D:1      | Reached XP level 2. HP: 26/27 MP: 1/1
   893 | D:2      | Noticed Sigmund
   899 | D:2      | Killed Sigmund
   899 | D:2      | Reached XP level 3. HP: 32/34 MP: 2/2
   899 | D:2      | Reached XP level 4. HP: 38/41 MP: 3/3
   899 | D:2      | Reached XP level 5. HP: 44/47 MP: 4/4
   910 | D:2      | Noticed Terence
   916 | D:2      | Killed Terence
  1144 | D:2      | Reached ** piety under Trog
  1174 | D:2      | Reached skill level 5 in Fighting
  1570 | D:3      | Reached skill level 1 in Polearms
  1601 | D:3      | Noticed thed24's ghost (weakling DDFi)
  1609 | D:3      | Killed thed24's ghost
  1609 | D:3      | Reached XP level 6. HP: 30/56 MP: 5/5
  2103 | D:4      | Found an opulent altar of Gozag.
  2156 | D:4      | Noticed Blork the orc
  2166 | D:4      | Killed Blork the orc
  2197 | D:4      | Reached skill level 5 in Armour
  2197 | D:4      | Reached XP level 7. HP: 19/62 MP: 6/6
  2716 | D:4      | Reached skill level 5 in Dodging
  2836 | D:4      | Noticed Grinder
  2840 | D:4      | Paralysed by Grinder for 4 turns
  2844 | D:4      | Killed Grinder
  3119 | D:5      | Entered Level 5 of the Dungeon
  3398 | D:5      | Reached *** piety under Trog
  3398 | D:5      | Reached XP level 8. HP: 71/71 MP: 7/7
  3645 | D:5      | Noticed Edmund
  3649 | D:5      | Killed Edmund
  3864 | D:6      | Noticed Terra's ghost (novice DsFi)
  3880 | D:6      | Killed Terra's ghost
  3880 | D:6      | Reached skill level 5 in Polearms
  4417 | D:6      | Reached XP level 9. HP: 40/79 MP: 8/8
  5125 | D:7      | Found Japsatt's General Store.
  5620 | D:7      | Reached **** piety under Trog
  5739 | D:7      | Found a staircase to the Ecumenical Temple.
  6049 | D:7      | Found a shattered altar of Ashenzari.
  6353 | D:8      | Reached XP level 10. HP: 88/89 MP: 9/9
  6633 | D:8      | Reached ***** piety under Trog
  6812 | D:8      | Noticed Psyche
  6817 | D:8      | Killed Psyche
  6967 | D:8      | Paralysed by a hornet for 2 turns
  7207 | D:8      | Reached skill level 10 in Fighting
  7486 | D:8      | Found a glowing golden altar of the Shining One.
  8313 | D:9      | Found a staircase to the Lair.
  8323 | D:9      | Reached skill level 10 in Armour
  8663 | D:9      | Found a radiant altar of Vehumet.
  8663 | D:9      | Found an ancient bone altar of Kikubaaqudgha.
  8663 | D:9      | Found a bloodstained altar of Trog.
  8665 | D:9      | Found a shadowy altar of Dithmenos.
  8772 | D:9      | Found a glowing golden altar of the Shining One.
  8830 | D:10     | Entered Level 10 of the Dungeon
  8830 | D:10     | Noticed a two-headed ogre
  8836 | D:10     | Killed a two-headed ogre
  8865 | D:10     | Noticed a two-headed ogre
  8871 | D:10     | Killed a two-headed ogre
  8871 | D:10     | Reached XP level 11. HP: 51/99 MP: 10/10
  9066 | D:10     | Received a gift from Trog
  9328 | D:10     | Noticed a two-headed ogre
  9333 | D:10     | Killed a two-headed ogre
  9847 | D:10     | Found a staircase to the Orcish Mines.
 10016 | D:11     | Reached skill level 10 in Polearms
 10016 | D:11     | Reached skill level 10 in Dodging
 10301 | D:11     | Noticed a two-headed ogre
 10416 | D:11     | Killed a two-headed ogre
 10430 | D:11     | Found a hazy altar of Hepliaklqana.
 12188 | D:12     | Found Xiybuojy's Changing Room.
 12778 | D:13     | Found a gate to the Vaults.
 12778 | D:13     | Noticed an enchanted long sword
 12778 | D:13     | Noticed an enchanted long sword
 12788 | D:13     | Killed an enchanted long sword
 12791 | D:13     | HP: 7/153 [enchanted long sword (2)]
 12792 | D:13     | Mangled by an enchanted long sword

Vault maps used:
D:1:      ncdulo_lavacross, minivault_19
D:2:      first_ration, uniq_terence, uniq_sigmund
D:3:      minmay_misc_feat_room
D:4:      nicolae_overflow_crystal_walls, moated_statue, uniq_blork_the_orc,
          uniq_grinder
D:5:      bh_walls_and_bars, uniq_edmund
D:7:      kennysheep_windowed_halls, minmay_temple_entry_enclosed_plants,
          serial_shops, shop, ashenzari_altar_1
D:8:      lemuel_coloured_pillars_altar, grunt_ogre_cave, serial_bayou_pond_d,
          uniq_psyche
D:9:      minitemple, lair_entry_dummy, tso_altar
D:10:     hiddenorc1_lemuel
D:11:     basic_altar
D:12:     nrook_mini_backslash, nicolae_transmutations_shop
D:13:     erik_vaults_1, serial_ice, serial_ice_l, serial_ice_b, serial_ice_e,
          serial_ice_a, serial_ice_h, serial_ice_c

Skill      XL: |  1  2  3  4  5  6  7  8  9 10 11 |
---------------+----------------------------------+-----
Long Blades    | 4 |  4.9
Fighting       | 4 5 6 8 9 10 11 | 11.9
Armour         | 3 4 5 6 7 9 10 11 | 11.7
Dodging        | 3 4 5 6 8 9 10 | 10.8
Polearms       | 1 2 4 6 7 9 10 | 10.9

Action                   |  1- 3 |  4- 6 |  7- 9 | 10-12 || total
-------------------------+-------+-------+-------+-------++-------
Melee: Falchion          |    41 |     1 |       |       ||    42
       Headbutt          |     7 |    16 |    25 |    61 ||   109
       Scythe            |       |   114 |   235 |   373 ||   722
Invok: Berserk           |     1 |       |     1 |     1 ||     3
  Use: Scroll            |       |       |     2 |     8 ||    10
       Potion            |       |       |       |     1 ||     1
  Eat: Chunk             |       |     5 |    12 |    18 ||    35
       Ration            |       |       |     1 |     2 ||     3
Armor: Animal skin       |     4 |       |       |       ||     4
       Ring mail         |     5 |    65 |    80 |   106 ||   256
Dodge: Dodged            |    30 |   120 |   201 |   343 ||   694
       Rpst.: Falchion   |     8 |       |       |       ||     8

Table legend:
 A = Spawn XP
 B = Non-spawn XP
 C = Spawn XP percentage of total XP
 D = Spawn monster count
 E = Non-spawn monster count
 F = Spawn count percentage of total count
 G = Total turns spent on level
                    A         B        C        D         E        F      G
               +---------+---------+-------+---------+---------+-------+---------
         Total |       0 |   20558 |   0.0 |       0 |     308 |   0.0 | 12792
               +---------+---------+-------+---------+---------+-------+---------
           D:1 |       0 |      25 |   0.0 |       0 |      15 |   0.0 |   722
           D:2 |       0 |     329 |   0.0 |       0 |      25 |   0.0 |   773
           D:3 |       0 |     123 |   0.0 |       0 |      21 |   0.0 |   601
           D:4 |       0 |     841 |   0.0 |       0 |      18 |   0.0 |  1023
           D:5 |       0 |     402 |   0.0 |       0 |      13 |   0.0 |   711
           D:6 |       0 |    1315 |   0.0 |       0 |      22 |   0.0 |  1295
           D:7 |       0 |    1794 |   0.0 |       0 |      37 |   0.0 |  1101
           D:8 |       0 |    3117 |   0.0 |       0 |      36 |   0.0 |  1645
           D:9 |       0 |    1680 |   0.0 |       0 |      22 |   0.0 |   959
          D:10 |       0 |    3959 |   0.0 |       0 |      51 |   0.0 |  1126
          D:11 |       0 |    3938 |   0.0 |       0 |      28 |   0.0 |  1878
          D:12 |       0 |    1398 |   0.0 |       0 |      11 |   0.0 |   869
          D:13 |       0 |    1637 |   0.0 |       0 |       9 |   0.0 |    89
               +---------+---------+-------+---------+---------+-------+---------
